 Dungeon Crawl Stone Soup version 0.30-a0-23-ge60ba3568b (webtiles) character file.

Game seed: 10291341544175214896

47 Newt the Shooter (level 3, 0/21 HPs)
             Began as a Kobold Hunter on Aug 24, 2022.
             Slain by a gnoll
             ... wielding a +0 club
              (2 damage)
             ... on level 2 of the Dungeon.
             The game lasted 00:01:15 (988 turns).

Newt the Shooter (Kobold Hunter)                     Turns: 988, Time: 00:01:15

Health: 0/21       AC:  7    Str:  8    XL:     3   Next: 97%
Magic:  3/3        EV: 14    Int: 10    God:
Gold:   47         SH:  0    Dex: 20    Spells: 2/2 levels left

rFire   . . .      SeeInvis .    a - +1 shortbow
rCold   . . .      Faith    .    (shield currently unavailable)
rNeg    . . .      Spirit   .    c - +1 leather armour
rPois   .          Reflect  .    (no helmet)
rElec   .          Harm     .    (no cloak)
rCorr   .          Rampage  .    f - +2 pair of gloves
Will    .....                    (no boots)
Stlth   ++++......               (no amulet)
HPRegen 0.07/turn                (no ring)
MPRegen 0.08/turn                (no ring)

@: no status effects
A: small, no large weapons, nightstalker 3
a: no special abilities


You were on level 2 of the Dungeon.
You visited 1 branch of the dungeon, and saw 2 of its levels.

You collected 47 gold pieces.

Inventory:

Hand Weapons
 a - a +1 shortbow (weapon)
 k - a +2 dagger of flaming
Armour
 c - a +1 leather armour (worn)
 f - a +2 pair of gloves (worn)
Jewellery
 e - a ring of ice
Scrolls
 b - 2 scrolls of immolation
Potions
 g - 2 potions of degeneration {unknown}
 h - 2 potions of curing {unknown}
 j - a potion of haste {unknown}


   Skills:
 - Level 2.1 Fighting
 + Level 6.0 Ranged Weapons
 - Level 2.4 Dodging
 - Level 4.0 Stealth


You had 2 spell levels left.
You didn't know any spells.
Your spell library contained the following spells:

 Spells                   Type           Power      Damage    Failure   Level
 Slow                     Hex            0%         N/A       50%         1
 Confusing Touch          Hex            0%         N/A       86%         3
 Vampiric Draining        Necr           0%         2d6       86%         3


Dungeon Overview and Level Annotations

Branches:
Dungeon (2/15)

Altars:


Innate Abilities, Weirdness & Mutations

You are small and have problems with some larger weapons.
You are completely attuned to the shadows.


Message History

The gnoll hits you with a +0 flail! The gnoll closely misses you.
Unknown command.
As you read the scroll labelled ELAARI EKARGHER, it crumbles to dust.
It is a scroll of enchant armour.
Your +0 leather armour glows green for a moment.
The gnoll misses you. x2
As you read the scroll labelled OTWA ECEFIFROYT, it crumbles to dust.
It is a scroll of enchant weapon.
Your +0 shortbow glows red for a moment.
The gnoll closely misses you. The gnoll hits you but does no damage.
Fire: a) +1 shortbow
Press: ? - help, Shift-Dir - straight line, f - gnoll, p - gnoll
Aim: a gnoll, wielding a +0 club (69% to hit)
You shoot an arrow. The arrow hits the gnoll!
The gnoll is heavily wounded.
The gnoll hits you with a +0 flail.
* * * LOW HITPOINT WARNING * * *
The gnoll closely misses you.
Fire: a) +1 shortbow
Press: ? - help, Shift-Dir - straight line, f/p - gnoll
Aim: a gnoll, wielding a +0 club (69% to hit)
You shoot an arrow. The arrow hits the gnoll!
You kill the gnoll!
The gnoll hits you with a +0 club.
* * * LOW HITPOINT WARNING * * *
Your Ranged Weapons skill increases to level 6!
Fire: a) +1 shortbow
Press: ? - help, Shift-Dir - straight line, f/p - gnoll
Aim: a gnoll, wielding a +0 club (70% to hit)
You shoot an arrow. The arrow hits the gnoll!
The gnoll is severely wounded.
The gnoll hits you but does no damage. The gnoll barely misses you.
Unknown command.
Fire: a) +1 shortbow
Press: ? - help, Shift-Dir - straight line, f/p - gnoll
Aim: a gnoll, wielding a +0 club (severely wounded, 70% to hit)
You shoot an arrow. The arrow hits the gnoll.
You kill the gnoll!
The gnoll hits you with a +0 club.
You die...

# ### ####.##@# #####
#.....g)# #...#
#....##.# .
###...###.....).##.#
#.....'......†.....#
##.#...###.###....###
.......###.#........#
##.##......#.##.#.#.#
............. .>#.#.#


You could see a gnoll.

Vanquished Creatures
  3 gnolls (D:2)
  A dart slug (D:1)
  2 ball pythons
  5 endoplasms
  A giant cockroach (D:1)
  4 goblins
  3 kobolds
  A quokka (D:1)
  A bat (D:1)
  2 frilled lizards (D:1)
  3 rats
26 creatures vanquished.

Notes
Turn   | Place    | Note
-------+----------+-------------------------------------------
     0 | D:1      | Newt the Kobold Hunter began the quest for the Orb.
     0 | D:1      | Reached XP level 1. HP: 12/12 MP: 1/1
    66 | D:1      | Reached XP level 2. HP: 12/17 MP: 2/2
   813 | D:2      | Reached XP level 3. HP: 21/21 MP: 3/3
   987 | D:2      | Reached skill level 6 in Ranged Weapons
   988 | D:2      | Slain by a gnoll

Illustrated notes

Levels and vault maps discovered:
D:1:      scummos_arrival_forest, layout_basic
D:2:      minmay_alternating_diamond, layout_basic, uniq_natasha

Skill      XL: |  1  2  3 |
---------------+----------+-----
Stealth        | 3 4 |  4.0
Ranged Weapons | 6 |  6.0
Fighting       | |  2.1
Dodging        | |  2.4

Action                   || total
-------------------------++-------
 Fire: Shortbow          ||    66
  Use: Scroll            ||     3
       Potion            ||     1
Armor: Leather armour    ||     6
Dodge: Dodged            ||    30

Table legend: (Time is in decaauts)
 A = Elapsed time spent in this place.
 B = Non-inter-level travel time spent in this place.
 C = Inter-level travel time spent in this place.
 D = Time resting spent in this place.
 E = Time spent auto-exploring this place.
 F = Levels seen in this place.
 G = Mean time per level.
                   A        B        C        D        E       F      G
               +--------+--------+--------+--------+--------+-----+--------+
         Total |   1005 |    995 |     10 |      0 |    847 |   2 |  502.5 |
       Dungeon |   1005 |    995 |     10 |      0 |    847 |   2 |  502.5 |
               +--------+--------+--------+--------+--------+-----+--------+

Top non-repeatable levels by time:
     D:1: 795 daAuts
     D:2: 209 daAuts
